 Dungeon Crawl Stone Soup version 0.29-a0-542-g075992c915 (webtiles) character file.

Game seed: 6690919634388923762

2 ytrimaz the Shield-Bearer (level 1, 1/1 (19) HPs)
             Began as a Meteoran Fighter on June 5, 2022.
             Quit the game on level 1 of the Dungeon.
             The game lasted 00:00:59 (1015 turns).

ytrimaz the Shield-Bearer (Meteoran Fighter)        Turns: 1015, Time: 00:00:59

HP:   1/1 (19)      AC:  6    Str: 17    XL:     1   Next: 42%
MP:   2/2           EV:  9    Int:  9    God:
Gold: 0             SH:  5    Dex: 13    Spells: 0/0 levels left

rFire   . . .      SeeInvis .   a - +0 flail
rCold   . . .      Faith    .   c - +0 buckler
rNeg    . . .      Spirit   .   b - +0 scale mail
rPois   .          Reflect  .   (no helmet)
rElec   .          Harm     .   (no cloak)
rCorr   .          Rampage  .   (no gloves)
Will    .....                   (no boots)
Stlth   ..........              (no amulet)
HPRegen 0.01/turn               (no ring)
MPRegen 0.08/turn               (no ring)

@: glowing, extremely drained
A: sense surroundings 1, otherworldly, glowing, explore regen
a: no special abilities


You were on level 1 of the Dungeon.
You visited 1 branch of the dungeon, and saw 1 of its levels.

Inventory:

Hand Weapons
 a - a +0 flail (weapon)
Armour
 b - a +0 scale mail (worn)
 c - a +0 buckler (worn)
Potions
 d - a potion of might


   Skills:
 + Level 3.4 Fighting
 + Level 2.6 Maces & Flails
 + Level 3.6 Armour
 + Level 3.6 Shields


You couldn't memorise any spells.
You didn't know any spells.
Your spell library was empty.

Dungeon Overview and Level Annotations

Branches:
Dungeon (1/15)

Altars:


Innate Abilities, Weirdness & Mutations

You passively map a small area around you.
You are easily found by Zot.
You glow in the dark.
You regain HP and MP as you explore.


Message History

You start waiting.
You have lingered too long.
Zot senses you.
Dive deeper or flee this branch before you suffer!
Really rest while Zot is near?
You start waiting.
Zot draws nearer.
Dive deeper or flee this branch before you suffer!
Really rest while Zot is near?
You start waiting.
Zot has nearly found you. suffering is approaching.
Descend or flee this branch!
Unknown command.
Really rest while Zot is near? [Y]es or [N]o only, please.
Really rest while Zot is near?
You start waiting.
Unknown command.
Unknown command.
Unknown command.
Zot's power touches on you...
You feel drained.
Unknown command.
You start waiting.
You have lingered too long.
Zot senses you.
Dive deeper or flee this branch before you suffer!
Really rest while Zot is near? [Y]es or [N]o only, please.
Really rest while Zot is near?
You start waiting.
Zot draws nearer.
Dive deeper or flee this branch before you suffer!
Really rest while Zot is near?
You start waiting.
Zot has nearly found you. suffering is approaching.
Descend or flee this branch!
Really rest while Zot is near?
You start waiting.
Zot's power touches on you...
You feel drained.
Unknown command.
A goblin comes into view. It is wielding a +0 club.
The goblin shouts!
Found 3 gold pieces.
You hit the goblin.
You kill the goblin!
Things that are here:
a +0 club; a goblin corpse Are you sure you want to abandon this character and quit the game? (Confirm with "yes".)

#.≈≈≈≈§.# ..# ,
#..≈§§..#, #..#..#
##...§...## #..#..#
#.........###..#..### *
* * ............#.......
............#.##$.######
........................
###..#######..........#
* *#..# #..).@.....#
....# #..........#
.....# #..........#
.##..# ######+#####
......,, ,,, ,, , #. ,
,, , *.. , , , , , , * ,
,


There were no monsters in sight!

Vanquished Creatures
  A goblin (D:1)
  A bat (D:1)
2 creatures vanquished.

Notes
Turn   | Place    | Note
-------+----------+-------------------------------------------
     0 | D:1      | ytrimaz the Meteoran Fighter began the quest for the Orb.
     0 | D:1      | Reached XP level 1. HP: 19/19 MP: 2/2
   500 | D:1      | Glimpsed the power of Zot.
   550 | D:1      | Glimpsed the power of Zot.
   590 | D:1      | Glimpsed the power of Zot.
   599 | D:1      | Touched by the power of Zot.
   699 | D:1      | Glimpsed the power of Zot.
   749 | D:1      | Glimpsed the power of Zot.
   789 | D:1      | Glimpsed the power of Zot.
   798 | D:1      | Glimpsed the power of Zot.
   799 | D:1      | Touched by the power of Zot.
   900 | D:1      | Glimpsed the power of Zot.
   950 | D:1      | Glimpsed the power of Zot.
   990 | D:1      | Glimpsed the power of Zot.
   999 | D:1      | Touched by the power of Zot.
  1015 | D:1      | Quit the game

Illustrated notes

Levels and vault maps discovered:
D:1:      lemuel_arrival_lava_pool, layout_basic, ebering_ecumenical_altar_box,
          serial_shops, nicolae_shop_crystal, minmay_misc_feat_more_columns

Action                   || total
-------------------------++-------
Melee: Flail             ||     2
Armor: Scale mail        ||     1
Dodge: Dodged            ||     2
Block: Buckler           ||     1

Table legend: (Time is in decaauts)
 A = Elapsed time spent in this place.
 B = Non-inter-level travel time spent in this place.
 C = Inter-level travel time spent in this place.
 D = Time resting spent in this place.
 E = Time spent auto-exploring this place.
 F = Levels seen in this place.
 G = Mean time per level.
                   A        B        C        D        E       F      G
               +--------+--------+--------+--------+--------+-----+--------+
         Total |   1015 |   1015 |      0 |    972 |      0 |   1 | 1015.0 |
       Dungeon |   1015 |   1015 |      0 |    972 |      0 |   1 | 1015.0 |
               +--------+--------+--------+--------+--------+-----+--------+

Top non-repeatable levels by time:
     D:1: 1015 daAuts
